Map: Blackpink LE

Players

Bly

  • Race: Zerg Zerg
  • Spawn Location: 7:00

TRUE - Winner!

  • Race: Zerg Zerg
  • Spawn Location: 1:00

Event: WCS Leipzig 2018

VOD

Have the link to the VOD?

Description

Time

  • Played on: Jan. 27, 2018, 5:54 a.m.
  • Length: 9:14

All games in this series

Show
View Real Time Build Order
Export as new Build Order

Bly Zerg 

Build Orders: Hatch First 

Get SALT Encoding   

  12  0:01  Drone  
  13  0:12  Overlord  
  13  0:18  Drone  
  14  0:31  Drone x2  
  14  0:35  Drone  
  17  0:51  Hatchery  
  16  1:04  Spawning Pool  
  16  1:07  Drone  
  16  1:10  Drone  
  17  1:15  Drone  
  18  1:20  Extractor  
  17  1:29  Drone  
  18  1:35  Drone  
  19  1:48  Overlord  
  19  1:50  Queen  
  19  1:52  Zergling x2  
  22  2:03  Zergling x2, Queen  
  22  2:04  Zergling x2  
  26  2:19  Drone x2  
  26  2:22  Drone  
  29  2:28  Drone  
  30  2:33  Queen  
  30  2:35  Drone  
  30  2:36  Overlord  
  33  2:54  Roach Warren  
  33  2:55  Evolution Chamber  
  31  3:03  Drone x4  
  35  3:10  Overlord  
  35  3:14  Drone  
  35  3:15  Drone x4  
  40  3:25  Lair  
  39  3:38  Evolution Chamber  
  39  3:41  Drone x5  
  39  3:45  Drone x2  
  43  3:50  Overlord  
  43  3:52  Extractor  
  42  3:59  Overlord  
  42  4:02  Extractor, Overlord  
  42  4:05  Roach  
  43  4:12  Evolution Chamber  
  42  4:18  Evolution Chamber  
  42  4:20  Roach x2  
  42  4:21  Roach  
  42  4:23  Roach x3  
  53  4:29  Roach  
  53  4:30  Roach x2  
  57  4:33  Evolution Chamber  
  57  4:36  Zerg Missile Weapons Level 1  
  55  4:46  Evolution Chamber  
  55  4:48  Drone x4  
  57  4:58  Drone x2  
  58  5:02  Overlord  
  58  5:11  Glial Reconstitution  
  60  5:18  Overlord  
  62  5:30  Overlord  
  62  5:32  Roach x2  
  62  5:33  Roach  
  68  5:39  Roach x2  
  72  5:47  Roach x4  
  76  5:51  Overlord  
  76  6:00  Roach x4  
  76  6:02  Overlord  
  84  6:16  Roach  
  84  6:18  Overlord  
  86  6:20  Hatchery  
  85  6:34  Roach x5  
  95  6:49  Drone  
  95  6:50  Drone x6  
  94  7:05  Roach x2  
  88  7:21  Roach x7  
  98  7:28  Roach  
  98  7:32  Ravager  
  98  7:33  Ravager  
  98  7:34  Ravager x2  
  98  7:36  Ravager  
  103  7:37  Roach x3  
  109  7:44  Overlord  
  109  7:49  Roach x2  
  113  7:51  Overlord  
  103  8:07  Roach x3  
  103  8:08  Roach x5  
  98  8:21  Zergling x8, Roach Warren  
  78  8:38  Zergling x2  
  78  8:39  Zergling x12  
Show
View Real Time Build Order
Export as new Build Order

TRUE Zerg - Winner!

Build Orders: Hatch First 

Get SALT Encoding   

  12  0:00  Drone  
  13  0:13  Overlord  
  13  0:17  Drone  
  14  0:31  Drone  
  14  0:32  Drone  
  14  0:35  Drone  
  17  0:51  Hatchery  
  17  0:56  Drone  
  17  1:08  Spawning Pool  
  16  1:12  Drone, Extractor  
  16  1:15  Drone  
  17  1:19  Drone  
  18  1:46  Overlord  
  18  1:55  Queen  
  18  1:57  Zergling x2  
  18  1:58  Drone  
  22  2:02  Queen  
  24  2:13  Metabolic Boost  
  24  2:19  Drone x2  
  24  2:20  Drone x2  
  24  2:22  Drone  
  29  2:25  Zergling x2  
  30  2:33  Drone  
  30  2:36  Zergling x2  
  32  2:40  Queen  
  34  2:54  Hatchery  
  33  3:04  Zergling x6  
  36  3:06  Overlord  
  36  3:11  Roach Warren  
  36  3:12  Zergling x2  
  36  3:20  Overlord  
  36  3:24  Zergling x2  
  36  3:25  Zergling x4  
  39  3:28  Zergling x2  
  39  3:29  Zergling x2  
  39  3:32  Zergling x2  
  42  3:37  Zergling x4  
  44  3:42  Zergling x2  
  44  3:43  Zergling x2  
  44  3:44  Zergling x2  
  44  3:48  Zergling x2  
  47  3:57  Overlord  
  47  4:08  Drone x6  
  49  4:21  Drone x2  
  49  4:30  Drone x5  
  50  4:32  Drone  
  50  4:34  Drone x3  
  53  4:39  Drone x2  
  53  4:46  Drone x2  
  53  4:48  Extractor  
  53  4:50  Evolution Chamber  
  50  4:55  Roach x4  
  50  4:57  Roach  
  50  4:59  Roach  
  60  5:01  Drone, Extractor  
  60  5:04  Roach  
  60  5:05  Zergling x2  
  63  5:07  Roach  
  63  5:13  Overlord  
  65  5:16  Overlord  
  65  5:17  Zergling x2  
  65  5:20  Zerg Missile Weapons Level 1  
  66  5:25  Overlord  
  66  5:31  Roach x2  
  66  5:32  Roach x2  
  66  5:35  Roach x2  
  78  5:36  Roach  
  78  5:38  Roach  
  78  5:41  Overlord  
  82  5:43  Roach  
  82  5:46  Roach  
  82  5:48  Roach  
  88  5:51  Roach  
  88  5:55  Overlord  
  90  6:00  Roach x2  
  90  6:01  Roach  
  90  6:03  Roach  
  98  6:07  Overlord  
  98  6:14  Roach x3  
  98  6:16  Roach  
  106  6:23  Overlord  
  106  6:24  Overlord  
  106  6:25  Roach  
  108  6:29  Roach x2  
  108  6:32  Roach  
  114  6:39  Overlord  
  114  6:41  Roach x2  
  114  6:42  Roach  
  114  6:45  Roach  
  122  6:47  Roach  
  122  6:50  Overlord  
  124  6:54  Roach  
  124  6:57  Roach x2  
  124  7:00  Roach  
  124  7:03  Roach  
  124  7:05  Roach  
  128  7:13  Roach x3  
  130  7:16  Roach  
  130  7:18  Zergling x2  
  130  7:19  Zergling x2  
  130  7:21  Zergling x2  
  132  7:23  Zergling x2  
  132  7:25  Zergling x2  
  132  7:27  Zergling x2  
  132  7:28  Zergling x2  
  136  7:30  Zergling x2  
  136  7:31  Zergling x2  
  136  7:32  Zergling x2  
  136  7:34  Zergling x2  
  140  7:37  Zergling x4  
  140  7:38  Ravager  
  140  7:39  Zergling x2  
  140  7:41  Zergling x2  
  140  7:43  Zergling x2  
  140  7:44  Zergling x2  
  146  7:47  Overlord  
  139  8:06  Zergling x12  
  139  8:07  Zergling x6  
  139  8:08  Zergling x2  
  138  8:13  Zergling x2  
  138  8:15  Zergling x2  
  138  8:16  Zergling x2  
  138  8:18  Zergling x2  
  138  8:19  Zergling x4  
  130  8:27  Zergling x2  
  130  8:28  Zergling x2  
  130  8:29  Zergling x2  
  130  8:30  Ravager  
  128  8:37  Zergling x2  
  128  8:40  Zergling x4  
  117  8:49  Zergling x4  
  117  8:51  Zergling x2  
Tags
 
Add a new tag
Caveats
  • Supply blocks, unpowered buildings, or Contaminate may cause inaccurate times.
  • Supply counts are checked every 10 seconds.